[Event "Team 45 45 League T67"]
[Site "Internet Chess Club"]
[Date "2015.12.17"]
[Round "3"]
[White "MikeTtheGuru"]
[Black "fishhead"]
[Result "1-0"]
[WhiteElo "2059"]
[BlackElo "1805"]
[Opening "English opening"]
[ECO "A16"]
[Time "16:06:33"]
[TimeControl "2700+45"]

1. c4 Nf6 2. Nc3 g6 3. g3 Bg7 4. Bg2 d6 5. Nf3 c6 6. O-O Qc7 7. d3 O-O 8. Rb1
Nbd7 9. b4 e5 10. b5 d5 11. bxc6 bxc6 12. cxd5 cxd5 13. Nb5 Qc6 14. Ba3 Re8 15.
Qd2 Nc5 16. Rfc1 Bf8 17. d4 exd4 18. Nfxd4 Qb6 19. Qf4 Nfe4 20. Nc7 Ne6 21.
Ndxe6 Bh6 22. Rxb6 Bxf4 23. Nxf4 axb6 24. Nxa8 {Black resigns} 1-0

[Event "Team 45 45 League T67"]
[Site "Internet Chess Club"]
[Date "2015.12.20"]
[Round "3"]
[White "room-matt"]
[Black "jjimalo"]
[Result "1/2-1/2"]
[WhiteElo "1857"]
[BlackElo "1842"]
[Opening "Richter-Veresov attack"]
[ECO "D01"]
[Time "13:03:51"]
[TimeControl "2700+45"]

1. d4 Nf6 2. Nc3 d5 3. Bg5 Nbd7 4. e3 c6 5. Nf3 e6 6. Bd3 Be7 7. O-O O-O 8. Qd2
h6 9. Bh4 Re8 10. Bg3 Nf8 11. Ne2 Bd6 12. Bxd6 Qxd6 13. c4 b6 14. Rac1 c5 15. b3
Bb7 16. Ne5 cxd4 17. exd4 Red8 18. f4 dxc4 19. bxc4 Rac8 20. f5 N8d7 21. Nxd7
Rxd7 22. fxe6 fxe6 23. Rcd1 Ng4 24. Rf4 Nf6 25. Rdf1 Rf8 26. Nc3 e5 27. Rh4 exd4
28. Nb5 Qe5 29. Bf5 Rdd8 30. Rxd4 Rxd4 31. Qxd4 Qe2 32. Rf2 Qe1+ 33. Rf1 Qe2 34.
Rf2 Qe1+ 35. Rf1 Qe2 {Game drawn by repetition} 1/2-1/2

[Event "Team 45 45 League T67"]
[Site "Internet Chess Club"]
[Date "2015.12.18"]
[Round "3"]
[White "elmaestro"]
[Black "xt"]
[Result "0-1"]
[WhiteElo "1730"]
[BlackElo "1780"]
[Opening "English: symmetrical, main line with d4"]
[ECO "A39"]
[Time "23:18:01"]
[TimeControl "2700+45"]

1. c4 c5 2. g3 g6 3. Bg2 Bg7 4. Nf3 Nf6 5. O-O O-O 6. Nc3 Nc6 7. d4 cxd4 8. Nxd4
Nxd4 9. Qxd4 d6 10. Rb1 Bf5 11. Ra1 Ne4 12. Qe3 Nxc3 13. bxc3 Qc7 14. Bd2 Qxc4
15. Qxe7 Rae8 16. Qxb7 Rxe2 17. Bd5 Qc8 18. Be3 Qxb7 19. Bxb7 Bxc3 20. Rac1 Bd2
21. Bxd2 Rxd2 22. a4 Ra2 23. Rfd1 Rxa4 24. Rxd6 Rb4 25. Bd5 Bh3 26. Bg2 Be6 27.
Bd5 Bxd5 28. Rxd5 Rfb8 29. Rd7 R4b7 30. Rdd1 Kg7 31. Kg2 Ra8 32. Ra1 a5 33. Rd4
Rba7 34. Rda4 Kf6 35. R1a3 Ke5 36. Re3+ Kd5 37. f4 Kc6 38. Re5 Kb6 39. f5 Rc8
40. fxg6 fxg6 41. Ra2 a4 42. Rb2+ Kc6 43. Kf3 a3 44. Ra2 Rca8 45. Ke3 Rb8 46.
Kd4 Rb2 47. Rc5+ Kb6 48. Ra1 Rd7+ 49. Rd5 Rd2+ 50. Ke4 R2xd5 51. Rxa3 Rb5 52. h4
Rc7 53. g4 Rc4+ 54. Kf3 Rbb4 55. h5 Rf4+ 56. Ke3 Rxg4 57. hxg6 hxg6 {White
resigns} 0-1

[Event "Team 45 45 League T67"]
[Site "Internet Chess Club"]
[Date "2015.12.20"]
[Round "3"]
[White "zap2"]
[Black "pishd"]
[Result "0-1"]
[WhiteElo "1770"]
[BlackElo "1853"]
[Opening "QGD: 4.Bg5"]
[ECO "D50"]
[Time "09:11:14"]
[TimeControl "2700+45"]

1. d4 Nf6 2. c4 e6 3. Nc3 d5 4. Bg5 c6 5. e3 Be7 6. Nf3 Nbd7 7. Bd3 dxc4 8. Bxc4
Nd5 9. Bxe7 Qxe7 10. O-O O-O 11. a3 N5f6 12. b4 a6 13. Bd3 e5 14. Qc2 Re8 15.
Ng5 g6 16. Nge4 Nxe4 17. Nxe4 Kg7 18. Rac1 f5 19. Nc5 Nxc5 20. dxc5 Be6 21. Rfd1
Red8 22. Be2 Bd5 23. Qc3 Qf6 24. Rd2 e4 25. Qxf6+ Kxf6 26. Rcd1 Rd7 27. a4 Rad8
28. b5 axb5 29. axb5 Be6 30. Rxd7 Rxd7 31. Rd4 Ke5 32. bxc6 bxc6 33. Rd1 Rxd1+
34. Bxd1 Bc4 35. h4 Kd5 36. f4 Kxc5 37. g4 Kb4 38. gxf5 gxf5 39. Kf2 Be6 40. Ke1
Kc3 41. Ba4 c5 42. Bb5 c4 43. Ke2 Kb2 44. Ba4 c3 45. Ke1 c2 46. Bxc2 Kxc2 47.
Ke2 h5 48. Ke1 Kd3 49. Kf2 Kd2 50. Kf1 Kxe3 51. Ke1 Kxf4 52. Ke2 Kg4 {White
resigns} 0-1

[Event "Team 45 45 League T67"]
[Site "Internet Chess Club"]
[Date "2015.12.23"]
[Round "3"]
[White "jjmolina"]
[Black "Bluecat"]
[Result "1/2-1/2"]
[WhiteElo "1803"]
[BlackElo "1840"]
[Opening "Caro-Kann: classical, 6.h4"]
[ECO "B18"]
[Time "04:45:54"]
[TimeControl "2700+45"]

1. e4 c6 2. d4 d5 3. Nc3 dxe4 4. Nxe4 Bf5 5. Ng3 Bg6 6. h4 h6 7. h5 Bh7 8. Bd3
Bxd3 9. Qxd3 Nf6 10. Nf3 Nbd7 11. Bd2 e6 12. O-O-O Qc7 13. Ne4 O-O-O 14. Nxf6
Nxf6 15. Qe2 c5 16. dxc5 Bxc5 17. Rh4 Kb8 18. Bf4 Bd6 19. Rxd6 Rxd6 20. Ne5 Rhd8
21. Nd3 Qa5 22. Bxd6+ Rxd6 23. Qe5 Qd5 {Game drawn by mutual agreement} 1/2-1/2

[Event "Team 45 45 League T67"]
[Site "Internet Chess Club"]
[Date "2015.12.21"]
[Round "3"]
[White "NAS"]
[Black "chess09"]
[Result "0-1"]
[WhiteElo "1701"]
[BlackElo "1876"]
[Opening "Sicilian: Richter-Rauzer, Rauzer attack, 7...a6 defense, 8...Bd7"]
[ECO "B67"]
[Time "11:02:56"]
[TimeControl "2700+45"]

1. e4 c5 2. Nf3 d6 3. d4 cxd4 4. Nxd4 Nf6 5. Nc3 Nc6 6. Bg5 e6 7. Qd2 a6 8.
O-O-O Bd7 9. f4 Qc7 10. Be2 b5 11. Bf3 Rc8 12. Bxf6 gxf6 13. Nxc6 Bxc6 14. Kb1
a5 15. f5 b4 16. Ne2 e5 17. g4 Be7 {White resigns} 0-1

[Event "Team 45 45 League T67"]
[Site "Internet Chess Club"]
[Date "2015.12.19"]
[Round "3"]
[White "fkramer"]
[Black "drbishop"]
[Result "1-0"]
[WhiteElo "1769"]
[BlackElo "1767"]
[Opening "Queen's pawn game"]
[ECO "D00"]
[Time "13:04:07"]
[TimeControl "2700+45"]

1. d4 d5 2. c3 Nf6 3. Nf3 e6 4. Bf4 c5 5. e3 Nc6 6. Nbd2 cxd4 7. exd4 Bd6 8. Bg3
O-O 9. Ne5 Bxe5 10. dxe5 Nd7 11. Nf3 f6 12. exf6 Qxf6 13. Be2 Nc5 14. Bd6 Ne4
15. Bxf8 Kxf8 16. O-O Bd7 17. Nd4 Kg8 18. Nxc6 Bxc6 19. f3 Nd6 20. Qd2 Rf8 21.
Rad1 Qh4 22. Qd4 Qg5 23. Qd2 Qh4 24. Qe1 Qh6 25. Bd3 Rf6 26. Qe5 Nf5 27. Bxf5
Rxf5 28. Qd6 Qe3+ 29. Kh1 Rf6 30. Rfe1 Qh6 31. Qb8+ Rf8 32. Qe5 Rf6 33. Re3 Bd7
34. Rde1 Qf4 35. Qxf4 Rxf4 36. g3 Rf6 37. Kg1 Kf7 38. f4 b5 39. a3 a5 40. b4 a4
41. Kg2 Bc6 42. Kf2 g6 43. Re5 Ke7 44. Ke3 Kd6 45. Kd4 Bd7 46. Rc1 Rf8 47. Rg1
Rc8 48. h4 Rc4+ 49. Kd3 h5 50. Rg5 Be8 51. Re1 Bf7 52. Rf1 Ke7 53. Re1 Kd6 54.
Ree5 Be8 55. Re3 Bf7 56. Rge5 Bg8 57. Ke2 Bf7 58. Kf3 Rc8 59. g4 hxg4+ 60. Kxg4
Rc4 61. Kg5 Kd7 62. Rf3 Ke7 63. Ree3 Rc8 64. f5 gxf5 65. Rxf5 Rg8+ 66. Kf4 Rg1
67. Rxd5 Rf1+ 68. Kg3 Ra1 69. Rxb5 Rxa3 70. Rb7+ Ke8 71. Rf3 Bh5 72. Re3 Bf7 73.
Kf4 Ra1 74. Ke5 a3 75. c4 a2 76. Ra7 Rh1 77. Rxa2 Rxh4 78. Re4 Rh5+ 79. Kd6 Kf8
80. Ra8+ Kg7 81. Rg4+ Kf6 82. Rf4+ Kg6 83. Ra7 Bg8 84. Rg4+ Rg5 85. Rxg5+ Kxg5
86. Re7 e5 87. Rxe5+ Kf4 88. c5 {Black resigns} 1-0

[Event "Team 45 45 League T67"]
[Site "Internet Chess Club"]
[Date "2015.12.18"]
[Round "3"]
[White "QuieroAprender"]
[Black "cayo89"]
[Result "0-1"]
[WhiteElo "1622"]
[BlackElo "1604"]
[Opening "Sicilian: Hungarian variation"]
[ECO "B27"]
[Time "18:15:42"]
[TimeControl "2700+45"]

1. e4 c5 2. Nf3 g6 3. Nc3 Bg7 4. b3 Nc6 5. Bb5 d6 6. Bxc6+ bxc6 7. Bb2 e5 8. d3
Ne7 9. h3 f5 10. Nd2 f4 11. Ne2 O-O 12. c4 g5 13. g4 Ng6 14. Nf3 Be6 15. Qc2 a5
16. Nc3 Bf6 17. Na4 Kg7 18. Ke2 Rh8 19. Rag1 h5 20. gxh5 Rxh5 21. Qd1 Qe7 22.
Bc3 Rah8 23. Bxa5 Kf7 24. Kd2 Bxh3 25. Rh2 g4 26. Ne1 Qe6 27. f3 g3 28. Re2 Qe7
29. Ng2 Bg5 30. Bc3 Be6 31. Kc2 Rh2 32. Nb6 Qf8 33. a4 Qh6 34. a5 Qh5 35. a6
Qxf3 36. a7 Bg4 37. Rd2 Qxd1+ 38. Rgxd1 Bxd1+ 39. Kxd1 f3 40. Ne1 Rh1 41. Kc2 f2
42. Rxf2+ gxf2 43. Nf3 Bf4 44. Nd2 Bxd2 45. Bxd2 f1=Q {White resigns} 0-1

[Event "Team 45 45 League T67"]
[Site "Internet Chess Club"]
[Date "2015.12.17"]
[Round "3"]
[White "jerryicc"]
[Black "jonesey"]
[Result "1-0"]
[WhiteElo "2087"]
[BlackElo "1976"]
[Opening "Ruy Lopez: closed, 7...O-O"]
[ECO "C88"]
[Time "18:34:05"]
[TimeControl "2700+45"]

1. e4 e5 2. Nf3 Nc6 3. Bb5 a6 4. Ba4 Nf6 5. O-O Be7 6. Re1 b5 7. Bb3 O-O 8. Nc3
d6 9. Nd5 Bg4 10. c3 Qd7 11. d3 Kh8 12. Bd2 Ng8 13. h3 Be6 14. a4 Rae8 15. axb5
axb5 16. d4 exd4 17. cxd4 f5 18. Nxe7 Ncxe7 19. Bxe6 Qxe6 20. e5 d5 21. Ba5 c6
22. Qc2 h6 23. Rec1 g5 24. Bb4 g4 25. Nh4 f4 26. Ra7 gxh3 27. gxh3 Rf7 28. Kh2
Rg7 29. Rg1 Rxg1 30. Kxg1 Qxh3 31. Ng6+ Kg7 32. Nxe7 Nxe7 33. Bxe7 Rg8 34. Bg5+
Kf8 35. Qc5+ {Black resigns} 1-0

[Event "Team 45 45 League T67"]
[Site "Internet Chess Club"]
[Date "2015.12.20"]
[Round "3"]
[White "fledermaus"]
[Black "SAC2001"]
[Result "0-1"]
[WhiteElo "1853"]
[BlackElo "1904"]
[Opening "English opening"]
[ECO "A05"]
[Time "12:03:27"]
[TimeControl "2700+45"]

1. Nf3 Nf6 2. c4 g6 3. Nc3 d5 4. cxd5 Nxd5 5. Qa4+ Bd7 6. Qh4 Nxc3 7. dxc3 Nc6
8. e4 Bg7 9. Bh6 Bf6 10. Qg3 e5 11. Bc4 Qe7 12. Ng5 Bxg5 13. Bxg5 f6 14. Be3
O-O-O 15. O-O Be6 16. Bb5 a6 17. Bxc6 bxc6 18. f4 Bc4 19. Rf2 Rhe8 20. fxe5 Qxe5
21. Qxe5 Rxe5 22. Bd4 Rxe4 23. Bxf6 Rde8 24. Rd2 Re1+ 25. Rxe1 Rxe1+ 26. Kf2
Rf1+ {White resigns} 0-1

[Event "Team 45 45 League T67"]
[Site "Internet Chess Club"]
[Date "2015.12.21"]
[Round "3"]
[White "parrot9"]
[Black "LN09102Q"]
[Result "1-0"]
[WhiteElo "1670"]
[BlackElo "1608"]
[Opening "King's knight's gambit"]
[ECO "C34"]
[Time "14:41:40"]
[TimeControl "2700+45"]

1. e4 e5 2. f4 exf4 3. Nf3 Nc6 4. Bc4 Nf6 5. e5 Ne4 6. O-O Nc5 7. d4 Na6 8. Bxf4
Be7 9. Bxf7+ Kxf7 10. Ng5+ Ke8 11. Qh5+ g6 12. Qg4 d6 13. e6 Bxg5 14. Bxg5 Ne7
15. Rf7 Nb4 16. Rxe7+ Qxe7 17. Bxe7 Kxe7 18. Nc3 Rf8 19. a3 Nxc2 20. Nd5+ Ke8
21. Rc1 Nxd4 22. Nxc7+ Ke7 23. Qxd4 Rb8 24. Qg7+ Kd8 25. e7+ Kd7 26. exf8=Q#
{Black checkmated} 1-0

[Event "Team 45 45 League T67"]
[Site "Internet Chess Club"]
[Date "2015.12.24"]
[Round "3"]
[White "junard"]
[Black "Percival"]
[Result "1/2-1/2"]
[WhiteElo "2007"]
[BlackElo "2029"]
[Opening "QGD Slav: Dutch variation"]
[ECO "D18"]
[Time "01:04:53"]
[TimeControl "2700+45"]

1. d4 d5 2. Nf3 Nf6 3. c4 c6 4. Nc3 dxc4 5. a4 Bf5 6. e3 e6 7. Bxc4 Bb4 8. O-O
O-O 9. Qb3 Qb6 10. Na2 Bd6 11. Nh4 Qxb3 12. Bxb3 Bg6 13. Nxg6 hxg6 14. Nc3 Nbd7
15. e4 e5 16. Be3 Ng4 17. Rad1 Nxe3 18. fxe3 Rad8 19. Rf2 Nf6 20. h3 Bb4 21.
dxe5 Rxd1+ 22. Nxd1 Ne8 23. e6 fxe6 24. Bxe6+ Kh7 25. e5 Nc7 26. Rxf8 Bxf8 27.
Bb3 Na6 28. Nc3 Nb4 29. Ne4 Nd3 30. Ng5+ Kh6 31. Nf7+ Kh7 32. Ng5+ Kh6 33. Nf7+
Kh7 34. Ng5+ Kh6 35. Nf7+ Kh7 {Game drawn by repetition} 1/2-1/2

[Event "Team 45 45 League T67"]
[Site "Internet Chess Club"]
[Date "2015.12.18"]
[Round "3"]
[White "GreyWarden"]
[Black "ChessRooklift"]
[Result "1-0"]
[WhiteElo "1953"]
[BlackElo "1866"]
[Opening "Sicilian defense"]
[ECO "B40"]
[Time "14:03:36"]
[TimeControl "2700+45"]

1. e4 c5 2. Nf3 e6 3. d3 Nc6 4. g3 b6 5. Bg2 d6 6. e5 Bb7 7. Bg5 Qc7 8. exd6
Bxd6 9. Na3 a6 10. Nc4 Nge7 11. Nfd2 Na5 12. Nxd6+ Qxd6 13. Ne4 Qd7 14. O-O Ng6
15. h4 O-O 16. h5 Ne5 17. f4 Qd4+ 18. Kh2 Nec6 19. c3 Qd7 20. Nf6+ gxf6 21. Bxf6
Ne7 22. Qg4+ Ng6 23. Qg5 Qd5 24. Bxd5 {Black resigns} 1-0

[Event "Team 45 45 League T67"]
[Site "Internet Chess Club"]
[Date "2015.12.22"]
[Round "3"]
[White "laurenpar"]
[Black "kidcobra"]
[Result "1-0"]
[WhiteElo "1955"]
[BlackElo "1863"]
[Opening "Nimzovich-Larsen attack: modern variation"]
[ECO "A01"]
[Time "20:35:47"]
[TimeControl "2700+45"]

1. b3 e5 2. Bb2 Nc6 3. e3 d6 4. Bb5 Bd7 5. Nf3 g6 6. d4 Bg7 7. d5 Nce7 8. Bxd7+
Qxd7 9. e4 c6 10. dxc6 bxc6 11. O-O Nf6 12. Qd3 O-O 13. Rd1 Rad8 14. Nc3 Ne8 15.
Rd2 d5 16. Rad1 d4 17. Na4 Nc7 18. c3 Ne6 19. cxd4 exd4 20. Nxd4 Nxd4 21. Bxd4
Qc7 22. Qc3 Bxd4 23. Rxd4 f6 24. Nc5 Qe5 25. Qc4+ Nd5 26. exd5 Rfe8 27. dxc6+
Kg7 28. Rxd8 Rxd8 29. Rxd8 Qa1+ 30. Qf1 Qxf1+ 31. Kxf1 a5 32. c7 a4 33. c8=Q
axb3 34. axb3 f5 35. Rd7+ Kh6 36. Qf8+ Kg5 37. Ne6+ Kg4 38. h3+ Kh4 39. Rxh7#
{Black checkmated} 1-0

[Event "Team 45 45 League T67"]
[Site "Internet Chess Club"]
[Date "2015.12.21"]
[Round "3"]
[White "zap2"]
[Black "gera-carp75"]
[Result "1-0"]
[WhiteElo "1791"]
[BlackElo "1868"]
[Opening "Réti: King's Indian attack (Barcza system)"]
[ECO "A07"]
[Time "15:34:37"]
[TimeControl "2700+45"]

1. g3 d5 2. Nf3 Nf6 3. Bg2 Nc6 4. d3 e6 5. O-O Bc5 6. Nbd2 O-O 7. e4 dxe4 8.
dxe4 e5 9. h3 a5 10. a4 b6 11. Re1 Be6 12. c3 Qc8 13. Ng5 Bd7 14. Nb3 Bd6 15.
Kh2 h6 16. Nf3 Be6 17. Nfd2 Qe8 18. Qe2 Bc8 19. Nf1 Ba6 20. Qf3 Qe6 21. Nbd2 Bc5
22. Ne3 Ne7 23. Nd5 Nfxd5 24. exd5 Qd6 25. Ne4 Qxd5 26. Nf6+ gxf6 27. Qg4+
{Black resigns} 1-0

[Event "Team 45 45 League T67"]
[Site "Internet Chess Club"]
[Date "2015.12.20"]
[Round "3"]
[White "Jack-ONeill"]
[Black "frontier"]
[Result "1/2-1/2"]
[WhiteElo "2009"]
[BlackElo "2008"]
[Opening "Sicilian: Alapin's variation (2.c3)"]
[ECO "B22"]
[Time "08:02:43"]
[TimeControl "2700+45"]

1. e4 c5 2. c3 e6 3. d4 d5 4. exd5 exd5 5. Nf3 Nc6 6. Bb5 Bd6 7. dxc5 Bxc5 8.
O-O Bg4 9. Re1+ Ne7 10. Be3 Bd6 11. Nbd2 O-O 12. h3 Bh5 13. Nb3 Bc7 14. Nbd4 Qd6
15. g3 Qd7 16. Bf1 Nxd4 17. Bxd4 Nc6 18. Bc5 Rfe8 19. Qd3 Bg6 20. Qd2 Rad8 21.
Rxe8+ Rxe8 22. Re1 Rxe1 23. Qxe1 h6 24. Bg2 Be4 25. Nd2 Bxg2 26. Kxg2 b6 27. Be3
Qe6 28. Qd1 Bd6 29. Qa4 Bc5 30. Bxc5 bxc5 31. Qb5 Qd6 32. Nb3 c4 33. Nd4 Nxd4
34. cxd4 Qe6 35. Qb8+ Kh7 36. Qxa7 Qe4+ 37. Kh2 Qf5 38. Kg2 Qe4+ {Game drawn by
mutual agreement} 1/2-1/2

[Event "Team 45 45 League T67"]
[Site "Internet Chess Club"]
[Date "2015.12.19"]
[Round "3"]
[White "HumanTornado"]
[Black "Ptzz"]
[Result "0-1"]
[WhiteElo "1908"]
[BlackElo "2032"]
[Opening "Sicilian: accelerated fianchetto, Maróczy bind"]
[ECO "B36"]
[Time "12:01:40"]
[TimeControl "2700+45"]

1. e4 c5 2. Nf3 g6 3. c4 Nc6 4. d4 cxd4 5. Nxd4 Nf6 6. Nc3 d6 7. Be2 Nxd4 8.
Qxd4 Bg7 9. O-O O-O 10. Qd3 Be6 11. Bd2 Nd7 12. b3 Nc5 13. Qe3 a5 14. Rac1 Qb6
15. Nb5 Rfc8 16. Bc3 Bxc3 17. Rxc3 a4 18. f4 axb3 19. axb3 Bd7 20. f5 Bxb5 21.
cxb5 Nd7 22. Qxb6 Nxb6 23. Rfc1 Rxc3 24. Rxc3 Rc8 25. Rxc8+ Nxc8 26. Bc4 Nb6 27.
fxg6 hxg6 28. Kf2 Kg7 29. Ke3 Nd7 30. Kd4 e6 31. Bd3 b6 32. Bc4 Kf6 33. Bd3 Ne5
34. Bf1 Kg5 35. Be2 Nd7 36. g3 Kf6 37. Bd3 Nc5 38. Bc2 Nd7 39. Bd3 Ne5 40. Be2
g5 41. g4 Ng6 42. Bd1 Nf4 43. Bf3 Nh3 44. Bg2 Nf4 45. Bf3 Ng6 46. Be2 Ne5 47.
Bd1 Ke7 48. Be2 Nd7 49. Bd3 Nc5 50. Bc2 Kf6 51. b4 Nd7 52. Bd3 Ne5 53. Be2 Ng6
54. Bf1 Nf4 55. Bc4 Kg6 56. Bf1 f5 57. Bc4 fxe4 58. Ke3 d5 59. Bb3 Kf6 60. Kd4
Ng6 61. Bd1 Ne5 62. Be2 Nf3+ 63. Bxf3 exf3 64. Ke3 Ke5 65. Kxf3 d4 {White
resigns} 0-1

[Event "Team 45 45 League T67"]
[Site "Internet Chess Club"]
[Date "2015.12.21"]
[Round "3"]
[White "Holgate"]
[Black "LittleButton"]
[Result "1-0"]
[WhiteElo "2031"]
[BlackElo "1860"]
[Opening "French: Rubinstein variation"]
[ECO "C03"]
[Time "14:02:12"]
[TimeControl "2700+45"]

1. e4 e6 2. d4 d5 3. Nd2 dxe4 4. Nxe4 Nd7 5. Nf3 Ngf6 6. Nxf6+ Nxf6 7. c3 Be7 8.
Bd3 O-O 9. Qe2 b6 10. Bf4 Bb7 11. O-O-O c5 12. dxc5 bxc5 13. Bxh7+ Nxh7 14. Rxd8
Rfxd8 15. h4 a5 16. h5 Bf6 17. g4 Bg5 18. Nxg5 Bxh1 19. Nxh7 Kxh7 20. f3 e5 21.
Bg3 e4 22. Qxe4+ Kg8 23. Qe2 {Black resigns} 1-0

[Event "Team 45 45 League T67"]
[Site "Internet Chess Club"]
[Date "2015.12.19"]
[Round "3"]
[White "diegoami"]
[Black "Tobiasdelmonte"]
[Result "1-0"]
[WhiteElo "1745"]
[BlackElo "1832"]
[Opening "Alekhine's defense"]
[ECO "B03"]
[Time "14:30:16"]
[TimeControl "2700+45"]

1. e4 Nf6 2. e5 Nd5 3. d4 d6 4. exd6 exd6 5. Nf3 Be7 6. c4 Nb6 7. Nc3 Nc6 8. h3
O-O 9. Bd3 Nb4 10. Bb1 Bf6 11. a3 Re8+ 12. Be3 Nc6 13. O-O g6 14. Bd3 Bg7 15.
Qc2 Qf6 16. Rfe1 h6 17. Qd2 Kh7 18. Nb5 Re7 19. Bf4 Rxe1+ 20. Rxe1 Bf5 21. d5
Bxd3 22. dxc6 bxc6 23. Nxc7 Rc8 24. Ne8 Rxe8 25. Rxe8 Bxc4 26. Qxd6 Qxd6 27.
Bxd6 Bxb2 28. Be5 Bxe5 29. Nxe5 Bd5 30. Re7 Kg7 31. Rxa7 Kf6 32. Nd7+ Nxd7 33.
Rxd7 Ke6 34. Rd8 Ke7 35. Rb8 c5 36. f3 Kd6 37. Kf2 Kc7 38. Rb5 Kc6 39. Rb2 c4
40. Ke3 Kc5 41. Rb4 h5 42. Kd2 Kd4 43. a4 g5 44. a5 f5 45. a6 g4 46. hxg4 fxg4
47. fxg4 h4 48. g5 Bxg2 49. g6 h3 50. g7 h2 51. g8=Q h1=Q 52. Qxc4+ Ke5 53. Rb5+
Kd6 54. Qd4+ Ke6 55. Rb6+ Kf5 56. Rf6+ Kg5 57. Qf4+ {Black resigns} 1-0

[Event "Team 45 45 League T67"]
[Site "Internet Chess Club"]
[Date "2015.12.18"]
[Round "3"]
[White "chess09"]
[Black "ArturitoGalacti"]
[Result "1-0"]
[WhiteElo "1867"]
[BlackElo "1899"]
[Opening "Dutch defense"]
[ECO "A40"]
[Time "22:03:39"]
[TimeControl "2700+45"]

1. d4 e6 2. c4 f5 3. Nf3 Nf6 4. g3 d5 5. Bg2 c6 6. O-O Bd6 7. b3 Qe7 8. a4 O-O
9. Ba3 Bxa3 10. Nxa3 b6 11. Ne5 Bb7 12. Nc2 Nbd7 13. Nxd7 Qxd7 14. Ne1 dxc4 15.
bxc4 Ba6 16. Rc1 Rad8 17. Nf3 c5 18. dxc5 Qe7 19. Qb3 Qxc5 20. Ne1 Ne4 21. Nd3
Rxd3 22. Qxd3 Nd6 23. Rfd1 Nxc4 24. Qd7 Qc8 25. Qxc8 Rxc8 26. Rd7 Rc5 27. Rxa7
Bc8 28. Ra8 Kf7 29. e3 Kf6 30. Bf1 Bb7 31. Ra7 Bd5 32. Bxc4 Rxc4 33. Rxc4 Bxc4
34. f4 h6 35. Kf2 g6 36. Ke1 g5 37. Kd2 e5 38. Kc3 Bd5 39. Ra6 gxf4 40. gxf4
exf4 41. exf4 Kg6 42. Rxb6+ Kh5 43. Kd4 Be4 44. a5 Kg4 45. Ke3 h5 46. a6 Kh3 47.
Rb2 h4 48. a7 Bc6 49. Ra2 Ba8 50. Kd4 Kg4 51. Ke5 h3 52. Ra3 {Black resigns} 1-0

[Event "Team 45 45 League T67"]
[Site "Internet Chess Club"]
[Date "2015.12.16"]
[Round "3"]
[White "cysk"]
[Black "Schachteufel"]
[Result "1/2-1/2"]
[WhiteElo "1814"]
[BlackElo "1678"]
[Opening "Sicilian: closed, 2...Nc6"]
[ECO "B23"]
[Time "18:12:36"]
[TimeControl "2700+45"]

1. e4 c5 2. Nc3 Nc6 3. Bb5 Nd4 4. Bc4 e6 5. Nge2 Nf6 6. O-O b5 7. Nxb5 Nxb5 8.
Bxb5 Nxe4 9. d4 Be7 10. Be3 Nd6 11. c4 Nxb5 12. cxb5 c4 13. Nc3 d5 14. b3 cxb3
15. Qxb3 O-O 16. Na4 Rb8 17. Bf4 Bd6 18. Bxd6 Qxd6 19. Nc5 a6 20. a4 axb5 21.
axb5 Bd7 22. Nxd7 Qxd7 23. Rfb1 Rb6 24. Ra6 Rfb8 25. Rxb6 {Game drawn by mutual
agreement} 1/2-1/2

[Event "Team 45 45 League T67"]
[Site "Internet Chess Club"]
[Date "2015.12.18"]
[Round "3"]
[White "Berke"]
[Black "sockbuf"]
[Result "1-0"]
[WhiteElo "1550"]
[BlackElo "1778"]
[Opening "French: Tarrasch, closed variation"]
[ECO "C05"]
[Time "13:00:12"]
[TimeControl "2700+45"]

1. e4 e6 2. d4 d5 3. Nd2 Nf6 4. e5 Nfd7 5. Ngf3 c5 6. c3 Nc6 7. Bd3 Be7 8. h4 g6
9. dxc5 Ndxe5 10. Nxe5 Nxe5 11. Bc2 Bxc5 12. Qe2 Nc6 13. Nb3 Be7 14. g3 h5 15.
Be3 b6 16. O-O-O Qc7 17. Nd4 a6 18. Rhe1 Nxd4 19. Bxd4 Rg8 20. f4 Bd7 21. Be5
Qc5 22. Bd4 Qa5 23. Bb3 Rc8 24. Qe3 Rc6 25. Kb1 b5 26. Bxd5 b4 27. Bxc6 Bxc6 28.
Bb6 Qb5 29. cxb4 Qxb4 30. Bd4 {Black resigns} 1-0

[Event "Team 45 45 League T67"]
[Site "Internet Chess Club"]
[Date "2015.12.21"]
[Round "3"]
[White "NFork"]
[Black "f5"]
[Result "1-0"]
[WhiteElo "2131"]
[BlackElo "2034"]
[Opening "Sicilian: Alapin's variation (2.c3)"]
[ECO "B22"]
[Time "14:04:48"]
[TimeControl "2700+45"]

1. e4 c5 2. c3 Nf6 3. e5 Nd5 4. Nf3 Nc6 5. Bc4 Nb6 6. Bb3 d5 7. exd6 Qxd6 8. O-O
Bf5 9. d4 e6 10. Be3 c4 11. Bc2 Bxc2 12. Qxc2 Be7 13. Nbd2 O-O 14. Ng5 g6 15.
Rfe1 Rae8 16. Nge4 Qd8 17. Bh6 e5 18. Bxf8 Bxf8 19. Rad1 Bg7 20. dxe5 {Black
resigns} 1-0

[Event "Team 45 45 League T67"]
[Site "Internet Chess Club"]
[Date "2015.12.20"]
[Round "3"]
[White "Gilligan"]
[Black "santiagoelawad"]
[Result "0-1"]
[WhiteElo "1985"]
[BlackElo "2051"]
[Opening "English: New York (London) defensive system"]
[ECO "A12"]
[Time "10:00:35"]
[TimeControl "2700+45"]

1. c4 c6 2. Nf3 d5 3. b3 Nf6 4. Bb2 Bf5 5. d3 h6 6. g3 e6 7. Bg2 Be7 8. O-O O-O
9. Nbd2 Nbd7 10. Re1 a5 11. e4 Bh7 12. e5 Ne8 13. d4 Nc7 14. a4 Na6 15. Nf1 Nb4
16. Ne3 Nd3 17. Re2 Nxb2 18. Rxb2 Be4 19. Nd2 Bxg2 20. Kxg2 c5 21. Nf3 cxd4 22.
Qxd4 Bc5 23. Qd2 Bxe3 24. Qxe3 dxc4 25. bxc4 Qc7 26. Rb5 Rab8 27. c5 Rfc8 28.
Rc1 Qc6 29. Rxa5 Ra8 30. Rxa8 Rxa8 31. Kg1 Rxa4 32. Nd4 Qd5 33. c6 Rxd4 34. cxd7
Rd1+ 35. Rxd1 Qxd1+ 36. Kg2 Qxd7 37. Qa3 b5 38. f4 Qb7+ 39. Kg1 b4 40. Qb3 Qb6+
41. Kg2 Qb5 42. Kh3 Qf1+ 43. Kg4 Qe2+ 44. Kh4 Qxh2+ 45. Kg4 h5+ 46. Kf3 Qd2 47.
Qa4 Qd5+ 48. Kf2 Qb7 49. Qb3 Qb5 50. Kg1 Qc5+ 51. Kh2 h4 52. Kh3 Qc3 {White
resigns} 0-1

[Event "Team 45 45 League T67"]
[Site "Internet Chess Club"]
[Date "2015.12.18"]
[Round "3"]
[White "frontier"]
[Black "gump12345"]
[Result "0-1"]
[WhiteElo "1992"]
[BlackElo "1983"]
[Opening "English: Botvinnik system"]
[ECO "A25"]
[Time "11:00:47"]
[TimeControl "2700+45"]

1. c4 e5 2. Nc3 Nc6 3. g3 g6 4. Bg2 Bg7 5. e4 d6 6. d3 f5 7. Nge2 Nf6 8. Bg5 h6
9. Be3 O-O 10. h3 Be6 11. Nd5 a5 12. Qd2 Kh7 13. O-O Qd7 14. Kh2 Rf7 15. f4 Raf8
16. Rac1 b6 17. a3 Ng8 18. b4 axb4 19. axb4 Nd4 20. fxe5 Nb3 21. Qc2 Nxc1 22.
Rxc1 dxe5 23. d4 exd4 24. Bxd4 Nf6 25. Nxf6+ Bxf6 26. e5 Bg5 27. Rd1 Rd8 28. h4
Be3 29. Qc3 f4 30. Be4 fxg3+ 31. Kxg3 Bf2+ 32. Kg2 Bxc4 33. Qxc4 Qg4+ 34. Kf1
Rff8 35. Qxc7+ Rd7 36. Bxg6+ Kxg6 37. Qc2+ Kh5 38. Bxf2 Rdf7 39. Rd4 Rxf2+ 40.
Ke1 Qxd4 41. Nxd4 Rxc2 42. Nxc2 Re8 {White resigns} 0-1